 Dungeon Crawl Stone Soup version 0.32-a0-818-gb728d0252e (webtiles) character file.

Game seed: 3280306456989394697

316 Lanoc the Ruffian (level 6, 0/43 HPs)
             Began as a Troll Shapeshifter on Mar 24, 2024.
             Slain by Edmund
             ... wielding a +2 dire flail of protection
              (4 damage)
             ... on level 4 of the Dungeon.
             The game lasted 00:03:55 (2957 turns).

Lanoc the Ruffian (Troll Shapeshifter)              Turns: 2957, Time: 00:03:56

Health: 0/43       AC:  2    Str: 25    XL:     6   Next: 20%
Magic:  5/5        EV: 12    Int:  6    God:
Gold:   132        SH:  0    Dex:  9    Spells: 5/5 levels left

rFire   . .          .
                       - Unarmed
rCold   . . .        (shield currently unavailable)
rNeg    . . .        a - melded +0 animal skin
rPois   .            (helmet restricted)
rElec   .            (no cloak)
rCorr   .            (gloves unavailable)
SInv    .            (boots unavailable)
Will    .....        (no amulet)
Stlth   +            (no ring)
HPRegen 1.07/turn    (no ring)
MPRegen 0.09/turn

%: no passive effects
@: flux-form, glowing
A: glow, contaminating, reduced hp, large, unfitting armour, claws 3,
regeneration 1, shaggy fur 1, tough skin 1
a: Begin Untransformation


You were on level 4 of the Dungeon.
You were something dangerously unstable.
You visited 1 branch of the dungeon, and saw 4 of its levels.

You collected 132 gold pieces.

Inventory:

Armour
 a - a +0 animal skin (melded)
Talismans
 c - a beast talisman
 d - a flux talisman (active)
 f - a serpent talisman
Scrolls
 g - a scroll of vulnerability {unknown}
 i - a scroll of brand weapon {unknown}
 l - 2 scrolls of noise {unknown}
 n - a scroll of identify {unknown}
Potions
 b - a potion of lignification
 e - 3 potions of mutation {unknown}
 h - a potion of resistance {unknown}
 j - a potion of haste {unknown}
 k - 2 potions of brilliance {unknown}
 m - 2 potions of degeneration {unknown}
 o - a potion of curing {unknown}


   Skills:
 - Level 0.7 Fighting
 - Level 1.5 Dodging
 * Level 5.4 Unarmed Combat
 * Level 5.0 Shapeshifting


You had 5 spell levels left.
You didn't know any spells.
Your spell library contained the following spells:

 Spells                   Type           Power      Damage    Failure   Level
 Anguish                  Hex/Necr       0%         N/A       99%         4
 Cause Fear               Hex            0%         N/A       99%         4
 Enfeeble                 Hex            0%         N/A       100%        7


Dungeon Overview and Level Annotations

Branches:
Dungeon (4/15)
 Temple: D:4-7

Altars:

Shops:
D:1 !

Annotations:
D:4 Edmund


Innate Abilities, Weirdness & Mutations

You are something dangerously unstable.
You glow with magical radiation, making you easy to see and hit.
Foes you strike become dangerously contaminated with magical radiation.
Your maximum health is decreased, since you lack skill for your form.
You are incapable of wielding weapons or throwing items.
You are too large for most types of armour.
You have claws for hands.
Your natural rate of healing is unusually fast.
You are covered in fur. (AC +1)
You have tough skin. (AC +1)


Message History

Edmund hits you with a +2 dire flail of protection!
Your Shapeshifting skill increases to level 5!
You scratch Edmund.
Edmund begins to glow.
Edmund is lightly wounded.
Edmund closely misses you.
You scratch Edmund but do no damage.
Edmund glows dangerously bright.
Edmund is lightly wounded.
Edmund hits you with a +2 dire flail of protection.
You scratch Edmund.
Edmund shudders as magic cascades through him!
Edmund twists and deforms.
Edmund is heavily wounded.
Edmund hits you with a +2 dire flail of protection.
You barely miss Edmund.
Edmund is heavily wounded.
Edmund hits you with a +2 dire flail of protection!
* * * LOW HITPOINT WARNING * * *
You closely miss Edmund.
Edmund is heavily wounded.
You closely miss Edmund.
Edmund is heavily wounded.
Edmund closely misses you.
You claw Edmund!
Edmund begins to glow.
Edmund is severely wounded.
Edmund closely misses you.
You scratch Edmund.
Edmund glows dangerously bright.
Edmund is severely wounded.
Edmund hits you with a +2 dire flail of protection.
* * * LOW HITPOINT WARNING * * *
You barely miss Edmund.
Edmund is severely wounded.
Edmund hits you with a +2 dire flail of protection.
* * * LOW HITPOINT WARNING * * *
You scratch Edmund but do no damage.
Edmund shudders as magic cascades through him.
Edmund twists and deforms.
Edmund is severely wounded.
Edmund hits you with a +2 dire flail of protection.
You die...
Edmund whines, "They better pay attention to me now!"

########## .......#
#......... ......#
#......... ......#
#......... ### ).....#
#......... .... .....#
#......... .....
#..####.........
......###...............
......†p.....##.........
......@......##.........
.............##.........
.............######.####
.............# #.#
#+#####......# #.# #
........# #.# ...##.####
#.# ... #. #.#


You could see Edmund (misshapen).

Vanquished Creatures
  An iguana (D:4)
  Natasha (thrice) (D:2)
  A sleepcap (D:3)
  2 orc wizards (D:3)
  4 adders
  A ribbon worm (D:4)
  2 dart slugs
  9 orcs
  5 bats
  2 endoplasms (D:1)
  9 giant cockroaches
  3 goblins
  6 hobgoblins
  8 jackals (D:1)
  3 quokkas
  13 ball pythons
  4 frilled lizards
  5 kobolds
  5 rats
86 creatures vanquished.

Notes
Turn   | Place    | Note
-------+----------+-------------------------------------------
     0 | D:1      | Lanoc the Troll Shapeshifter began the quest for the Orb.
     0 | D:1      | Reached XP level 1. HP: 18/18 MP: 0/0
    91 | D:1      | Reached XP level 2. HP: 26/26 MP: 1/1
   388 | D:1      | Found Nubowauf's Distillery.
   435 | D:1      | Reached XP level 3. HP: 32/32 MP: 2/2
  1054 | D:2      | Noticed Natasha
  1060 | D:2      | Killed Natasha
  1061 | D:2      | Reached XP level 4. HP: 14/40 MP: 3/3
  1258 | D:2      | Noticed Natasha
  1263 | D:2      | Killed Natasha
  1333 | D:2      | Noticed Natasha
  1342 | D:2      | Killed Natasha
  1343 | D:2      | Reached XP level 5. HP: 16/46 MP: 4/4
  2012 | D:3      | Reached skill level 5 in Unarmed Combat
  2152 | D:3      | Reached XP level 6. HP: 39/54 MP: 5/5
  2941 | D:4      | Noticed Edmund
  2948 | D:4      | Reached skill level 5 in Shapeshifting
  2957 | D:4      | Slain by Edmund

Illustrated notes

Levels and vault maps discovered:
D:1:      dpeg_arrival_fog, layout_loops_corners, serial_shops,
          nicolae_shop_stone
D:2:      layout_loops_cross, minmay_misc_feat_rugged, chequers_arboretum,
          uniq_natasha
D:3:      layout_loops_ring, serial_co_window_serial, co_window_paths_a,
          co_window_paths_a, co_window_paths_b, co_window_cross_1,
          co_window_of_opportunity_a, co_window_unsneaky_path_e,
          co_window_unsneaky_path_b, co_window_2corner, co_window_paths_d,
          glass_columns_b, glass_columns_b, glass_columns_b,
          nicolae_elevator_lobby_asterisk
D:4:      layout_basic, uniq_edmund

Skill      XL: |  1  2  3  4  5  6 |
---------------+-------------------+-----
Unarmed Combat | 4 5 |  5.4
Shapeshifting  | 4 5 |  5.0
Fighting       | |  0.7
Dodging        | |  1.5

Action                     |  1- 3 |  4- 6 || total
---------------------------+-------+-------++-------
  Melee: Unarmed           |    85 |   160 ||   245
Ability: Begin Untransform |     1 |       ||     1
   Stab: Sleeping          |     2 |       ||     2
 Armour: Animal skin       |    42 |       ||    42
         Skin              |     6 |    79 ||    85
  Dodge: Dodged            |    35 |    81 ||   116
   Form: Flux              |     1 |       ||     1

Table legend: (Time is in decaauts)
 A = Elapsed time spent in this place.
 B = Non-inter-level travel time spent in this place.
 C = Inter-level travel time spent in this place.
 D = Time resting spent in this place.
 E = Time spent auto-exploring this place.
 F = Levels seen in this place.
 G = Mean time per level.
                   A        B        C        D        E       F      G
               +--------+--------+--------+--------+--------+-----+--------+
         Total |   2934 |   2791 |    143 |      0 |   2311 |   4 |  733.5 |
       Dungeon |   2934 |   2791 |    143 |      0 |   2311 |   4 |  733.5 |
               +--------+--------+--------+--------+--------+-----+--------+

Top non-repeatable levels by time:
     D:3: 1087 daAuts
     D:1: 898 daAuts
     D:2: 812 daAuts
     D:4: 136 daAuts
